 Dungeon Crawl Stone Soup version 0.31.0-11-ge490571c62 (webtiles) character file.

Game seed: 12877638533905438717

655 Samuel58 the Slasher (level 7, -7/41 HPs)
             Began as a Tengu Reaver on Feb 2, 2024.
             Mangled by a yak (13 damage)
             ... on level 5 of the Dungeon.
             The game lasted 00:15:02 (4093 turns).

Samuel58 the Slasher (Tengu Reaver)                 Turns: 4093, Time: 00:15:03

Health: -7/41      AC:  7    Str: 13    XL:     7   Next: 54%
Magic:  11/11      EV: 37    Int: 13    God:
Gold:   274        SH:  0    Dex: 14    Spells: 9/10 levels left

rFire   . . .        a - +0 falchion
rCold   . . .        (no shield)
rNeg    . . .        c - +3 leather armour
rPois   .            (helmet restricted)
rElec   .            b - +0 cloak
rCorr   .            (no gloves)
SInv    .            (boots unavailable)
Will    .....        (no amulet)
Stlth   ++           i - +5 ring of evasion
HPRegen 0.26/turn    (no ring)
MPRegen 0.12/turn

%: acrobat
@: on berserk cooldown, acrobatic, flying, slowed, very slow
A: beak, talons 3, evasive flight, acrobatic
a: no special abilities


You were on level 5 of the Dungeon.
You visited 1 branch of the dungeon, and saw 5 of its levels.

You collected 274 gold pieces.

Inventory:

Hand Weapons
 a - a +0 falchion (weapon)
Armour
 b - a +0 cloak (worn)
 c - a +3 leather armour (worn)
Jewellery
 d - a ring of wizardry
 i - a +5 ring of evasion (left hand)
Wands
 j - a wand of acid (5)
Scrolls
 e - a scroll of blinking
 g - a scroll of revelation
 l - 2 scrolls of identify


   Skills:
 + Level 3.3 Fighting
 + Level 6.5 Long Blades
 + Level 3.0 Armour
 + Level 4.2 Dodging
 + Level 1.7 Stealth
 + Level 2.1 Spellcasting
 + Level 4.6 Conjurations
 + Level 0.2 Necromancy


You had 9 spell levels left.
You knew the following spells:

 Your Spells              Type           Power      Damage    Failure   Level
a - Kiss of Death         Conj/Necr      28%        2d7       12%         1

Your spell library contained the following spells:

 Spells                   Type           Power      Damage    Failure   Level
 Momentum Strike          Conj/Tloc      14%        3d8       19%         2
 Hailstorm                Conj/Ice       7%         3d5       36%         3


Dungeon Overview and Level Annotations

Branches:
Dungeon (5/15)
 Temple: D:4-7

Altars:
Fedhas
The Shining One

Shops:
D:1 !

Annotations:
D:5 2 transporters, MadMike78's ghost, novice GnWn


Innate Abilities, Weirdness & Mutations

You have a beak for a mouth.
You have claws for feet.
Your magical flight helps you evade attacks. (EV +4)
You can magically evade attacks while moving or waiting.


Message History

The yak is heavily wounded.
The yak completely misses you. The yak misses you.
You hit the yak. You claw the yak. Your peck misses the yak.
Your punch misses the yak.
The yak is severely wounded.
The yak gores you.
* * * LOW HITPOINT WARNING * * *
The yak barely misses you.
You hit the yak. You claw the yak, but do no damage.
The yak is severely wounded.
The yak barely misses you. x2
You completely miss the yak. Your kick misses the yak.
The yak is severely wounded.
The yak gores you but does no damage. The yak completely misses you.
You hit the yak. You peck the yak, but do no damage.
The yak is severely wounded.
The yak barely misses you. The yak gores you.
* * * LOW HITPOINT WARNING * * *
You hit the yak but do no damage. You peck the yak, but do no damage.
The yak is severely wounded.
The yak completely misses you. The yak closely misses you.
A red film seems to cover your vision as you go berserk!
You feel yourself moving faster!
You feel mighty! The yak gores you!
* * * LOW HITPOINT WARNING * * *
The yak misses you.
You hit the yak. You claw the yak.
You kill the yak!
The yak barely misses you.
Your Armour skill increases to level 3!
You feel a strong urge to attack something.
You feel your anger nearly subside.
You are no longer berserk.
You are exhausted.
You feel yourself slow down. The yak completely misses you.
The yak attacks as it pursues you! The yak misses you.
The yak closely misses you. The yak completely misses you.
The yak completely misses you. The yak misses you.
The adder completely misses you. The yak completely misses you.
The yak gores you!
You die...

##...#.#...###...#.....###....#
#......#.....# #...##### ##.#.#
#........<...###..##..... #...#
.$.........†..##.##.5..#..##..#
.........##......#5.W#...#.#..#
........# #......##..##.#. #..#
..#..######......©#.#...#.##..#
....SYY........#.## ...#)#...#
.#..#######...YS@# #©.=?#©..#
.... ##....YYY#.#...#..#..##
.... #........##.#.....##.#
.... #....)....#...#.#..#.#
.... #.........#...#.#..#.#
.... ##........#.......##.#
#### ##...##..###...###..#
#######...#####...##
###.......###


You could see 4 yaks and an adder.

Vanquished Creatures
  A yak (D:5)
  A black bear (D:4)
  An ogre (D:4)
  A scorpion (D:4)
  2 hounds
  A sleepcap (D:4)
  Jessica (D:2)
  7 adders
  3 ribbon worms
  5 bats
  9 endoplasms
  10 giant cockroaches
  7 goblins
  6 hobgoblins
  8 jackals
  3 quokkas
  10 ball pythons
  4 frilled lizards
  8 kobolds
  8 rats
96 creatures vanquished.

Vanquished Creatures (others)
  An orc (D:5)
1 creature vanquished.

Grand Total: 97 creatures vanquished

Notes
Turn   | Place    | Note
-------+----------+-------------------------------------------
     0 | D:1      | Samuel58 the Tengu Reaver began the quest for the Orb.
     0 | D:1      | Reached XP level 1. HP: 12/12 MP: 4/4
    53 | D:1      | Found Ekearurph's Distillery.
   191 | D:1      | Reached XP level 2. HP: 17/17 MP: 6/6
   325 | D:1      | Found a faded altar of an unknown god.
   632 | D:1      | Reached XP level 3. HP: 21/21 MP: 7/7
  1345 | D:2      | Reached skill level 4 in Long Blades
  1433 | D:2      | Noticed Jessica
  1439 | D:2      | Killed Jessica
  1440 | D:2      | Reached XP level 4. HP: 27/27 MP: 8/8
  1897 | D:2      | Reached skill level 1 in Armour
  2400 | D:3      | Reached XP level 5. HP: 31/31 MP: 9/9
  2448 | D:3      | Found a blossoming altar of Fedhas.
  2448 | D:3      | Found a glowing golden altar of the Shining One.
  3047 | D:4      | Noticed a black bear
  3065 | D:4      | Reached skill level 1 in Stealth
  3073 | D:4      | Killed a black bear
  3074 | D:4      | Reached skill level 5 in Long Blades
  3074 | D:4      | Reached XP level 6. HP: 15/36 MP: 10/10
  3198 | D:4      | Gained mutation: Your magical flight helps you evade
                  | attacks. (EV +4) [Tengu growth]
  3198 | D:4      | Reached XP level 7. HP: 32/41 MP: 11/11
  3506 | D:4      | Reached skill level 6 in Long Blades
  3963 | D:5      | Entered Level 5 of the Dungeon
  3969 | D:5      | Found a transporter.
  3975 | D:5      | Noticed MadMike78's ghost (novice GnWn)
  4012 | D:5      | Found a transporter.
  4048 | D:5      | Noticed a yak
  4048 | D:5      | Noticed a yak
  4049 | D:5      | Noticed a yak
  4049 | D:5      | Noticed a yak
  4049 | D:5      | Noticed a yak
  4080 | D:5      | HP: 3/61 [yak (10)]
  4081 | D:5      | Killed a yak
  4093 | D:5      | Mangled by a yak

Illustrated notes

Levels and vault maps discovered:
D:1:      amcnicky_arrival_double_pillar, layout_basic,
          shapermc_ecumenical_altar_acropolis, serial_shops, shop,
          nicolae_the_louvre
D:2:      minmay_evil_eye, layout_basic, fountainhead, minmay_diced_spiral,
          uniq_jessica
D:3:      layout_rooms, jmf_multi_god_temple
D:4:      layout_loops_ring
D:5:      layout_rooms, minmay_temple_entry_slanted, gammafunk_ghost_stat_death,
          lemuel_flamethrower_2

Skill      XL: |  1  2  3  4  5  6  7 |
---------------+----------------------+-----
Long Blades    | 4 5 6 |  6.5
Dodging        | 3 4 |  4.2
Armour         | 1 2 3 |  3.0
Stealth        | 1 |  1.7
Fighting       | 3 |  3.3
Spellcasting   | |  2.1
Conjurations   | |  4.6
Necromancy     | |  0.2

Action                     |  1- 3 |  4- 6 |  7- 9 || total
---------------------------+-------+-------+-------++-------
  Melee: Falchion          |    92 |   120 |    54 ||   266
         Kick              |    23 |    33 |    18 ||    74
         Peck              |    11 |    23 |    12 ||    46
         Punch             |       |     1 |     1 ||     2
   Cast: Kiss of Death     |       |     1 |       ||     1
    Use: Scroll            |     3 |     1 |       ||     4
         Potion            |       |     4 |     5 ||     9
   Stab: Distracted        |     1 |       |       ||     1
         Sleeping          |       |     1 |       ||     1
 Armour: Leather armour    |    34 |    47 |    22 ||   103
  Dodge: Dodged            |    87 |   143 |    82 ||   312
